AoeStats
← luisvideorock

Arena

509240011Analyzed
2v2 RM · 6d ago on Sep 26, 2026· 39m 25s· 4 players
Game mode
Random Map
Map size
Medium (4 player)
Population
200
Speed
Normal
Resources
Standard
Victory
Conquest
Starting age
Dark Age
Ending age
Imperial Age
RankedLock teamsTeams togetherTeam positionsShared explorationLock speedFull tech treeHidden civsTurbo modeCheats
Victory
Defeat
🇺🇸 Goths · United States
938
+14
🇺🇸 Varangians · United States
906
+15
🇲🇽 Spanish · Mexico
907
-15
🇲🇽 Khmer · Mexico
887
-14
luisvideorock
11:29 Feudal Age
16:35 Castle Age
15:36 Double-Bit Axe
15:41 Horse Collar
jlcal100
7:39 Loom
12:12 Feudal Age
13:15 Stone Mining
13:06 Horse Collar
13:14 Double-Bit Axe
17:04 Town Watch
21:03 Castle Age
19:11 Gold Mining
19:42 Padded Archer Armor
23:20 Town Patrol
23:37 Bow Saw
29:34 Leather Archer Armor
33:12 Wheelbarrow
33:07 Husbandry
05ultraclassic
11:40 Feudal Age
16:33 Bloodlines
17:52 Double-Bit Axe
23:49 Castle Age
29:58 Fletching
30:09 Padded Archer Armor
30:30 Bow Saw
31:43 Elite Skirmisher
33:20 Bodkin Arrow
36:21 Leather Archer Armor
40:43 Imperial Age
38:53 Wheelbarrow
nickelcent32
1:01 Loom
10:48 Feudal Age
11:52 Double-Bit Axe
17:15 Castle Age
23:59 Wheelbarrow
29:04 Town Watch
32:57 Imperial Age
31:07 Ballistics
36:59 Murder Holes
Connection lost

Rejoining the realm…

Still unreachable

The connection could not be restored.

Session expired

The server has moved on; the page needs a fresh start.